 Dungeon Sprint DCSS version 0.20.1-1-g8b1a95d (webtiles) character file.

1000000 JustSomeDude the Executioner (level 15, -25/148 HPs)
             Began as a Ghoul Gladiator on Aug 30, 2017.
             Was a Follower of Makhleb.
             Annihilated by a meat berserker
             ... wielding a +9 battleaxe
              (37 damage)
             ... in the Dungeon (Sprint VIII: "Arena of Blood").
             The game lasted 00:00:29 (10 turns).

JustSomeDude the Executioner (Ghoul Gladiator)        Turns: 10, Time: 00:00:30

Health: -25/148    AC:  4    Str: 20    XL:     15   Next: 64%
Magic:  14/14      EV: 29    Int:  3    God:    Makhleb [*.....]
Gold:   0          SH:  0    Dex: 15    Spells: 14/14 levels left

rFire    . . .     SeeInvis .   l - +∞ Axe of Woe
rCold    + . .     Gourm    .   (shield currently unavailable)
rNeg     + + +     Faith    .   b - +0 leather armour
rPois    ∞         Spirit   .   c - +0 helmet
rElec    .         Reflect  .   (no cloak)
rCorr    .         Harm     .   (no gloves)
MR       +....     NoTele   +   (no boots)
Stlth    +.........             (no amulet)
Regen    0.0/turn               (no ring)
MPRegen  0.2/turn               (no ring)

@: rotting
A: rotting body, claws 1, carnivore 3, cold resistance 1, negative energy
resistance 3, inhibited regeneration, torment resistance, unbreathing
a: Renounce Religion


You were in the Dungeon.
You worshipped Makhleb.
Makhleb was aware of your devotion.
You were not hungry.

You visited 1 branch

Inventory:

Hand Weapons
 a - a +0 war axe
 l - the +∞ Axe of Woe (weapon)
   (You found it in the Dungeon)
Missiles
 d - 3 throwing nets (quivered)
Armour
 b - a +0 leather armour (worn)
 c - a +0 helmet (worn)
Scrolls
 k - a scroll of blinking
Potions
 e - a potion of curing
 g - a potion of heal wounds
 h - a potion of haste
 i - 2 potions of magic
 j - a potion of berserk rage
Comestibles
 f - a meat ration


   Skills:
 + Level 17.7 Fighting
 + Level 24.0 Axes
 + Level 13.2 Throwing
 + Level 1.6 Armour
 + Level 23.0 Dodging


You had 14 spell levels left.
You didn't know any spells.

Dungeon Overview and Level Annotations

Branches:
Dungeon (1/1)

Altars:
Makhleb


Innate Abilities, Weirdness & Mutations

Your body is rotting away.
You thrive on raw meat.
You are immune to poison.
You have sharp fingernails.
You are carnivorous and can eat meat at any time.
Your flesh is cold resistant. (rC+)
You are immune to negative energy. (rN+++)
You do not regenerate when monsters are visible.
You are immune to unholy pain and torment.
You can survive without breathing.


Message History

Your Axes skill gained 2 levels and is now at level 21!
Your Throwing skill gained 2 levels and is now at level 12!
Your Dodging skill gained 3 levels and is now at level 21!
You have reached level 14!
You slice the meat berserker!!
You dissect the meat berserker like a pig carcass.
You kill the meat berserker!
Makhleb accepts your kill.
Your Fighting skill gained 2 levels and is now at level 17!
Your Axes skill gained 3 levels and is now at level 24!
Your Throwing skill increases to level 13!
Your Armour skill increases to level 1!
Your Dodging skill gained 2 levels and is now at level 23!
You have reached level 15!
Your experience leads to an increase in your attributes!
Increase (S)trength, (I)ntelligence, or (D)exterity?
You feel agile.
You feel stronger.
You hear a shout! x6
The meat berserker hits you with a +9 battleaxe!!!
You die...

....... . .........
.. ......... ...
......... ...
#..o....# ..#..
#.......#
.....O###.......###.
....o.O@.o.###......
...#..)....o_......
#.....o.#.....#.
........o#_.<._#
.#.......#.....#
...#........_......
...........###......
......###... ..###.
.... #... ..#


You could see 2 meat berserkers and 6 bags of meat.

Vanquished Creatures
  2 ogres (D)
  2 orcs (D)
4 creatures vanquished.

Notes
Turn   | Place    | Note
-------+----------+-------------------------------------------
     0 | D        | JustSomeDude the Ghoul Gladiator began the quest for the Orb.
     0 | D        | Reached XP level 1. HP: 17/17 MP: 0/0
     2 | D        | Noticed a bag of meat
     3 | D        | Noticed a bag of meat
     4 | D        | Became a worshipper of Makhleb the Destroyer
     6 | D        | Noticed a bag of meat
     6 | D        | Noticed a bag of meat
     6 | D        | Noticed a bag of meat
     7 | D        | Noticed a meat berserker
     7 | D        | Noticed a meat berserker
     7 | D        | Noticed a bag of meat
     7 | D        | Noticed a bag of meat
     8 | D        | Noticed a bag of meat
     9 | D        | Noticed a bag of meat
     9 | D        | Killed a bag of meat
     9 | D        | Reached skill level 16 in Axes
     9 | D        | Reached XP level 2. HP: 40/40 MP: 1/1
     9 | D        | Reached XP level 3. HP: 47/47 MP: 2/2
     9 | D        | Reached XP level 4. HP: 55/55 MP: 3/3
     9 | D        | Reached XP level 5. HP: 61/61 MP: 4/4
     9 | D        | Reached XP level 6. HP: 68/68 MP: 5/5
     9 | D        | Reached XP level 7. HP: 74/74 MP: 6/6
     9 | D        | Reached XP level 8. HP: 82/82 MP: 7/7
     9 | D        | Reached XP level 9. HP: 89/89 MP: 8/8
     9 | D        | Reached XP level 10. HP: 96/96 MP: 9/9
     9 | D        | Reached XP level 11. HP: 103/103 MP: 10/10
     9 | D        | Reached XP level 12. HP: 110/110 MP: 11/11
     9 | D        | Killed a bag of meat
     9 | D        | Reached * piety under Makhleb
     9 | D        | Reached skill level 19 in Axes
     9 | D        | Reached skill level 10 in Throwing
     9 | D        | Reached XP level 13. HP: 122/122 MP: 12/12
    10 | D        | Noticed a meat berserker
    10 | D        | Killed a meat berserker
    10 | D        | Reached skill level 15 in Fighting
    10 | D        | Reached skill level 21 in Axes
    10 | D        | Reached XP level 14. HP: 11/136 MP: 13/13
    10 | D        | Killed a meat berserker
    10 | D        | Reached skill level 24 in Axes
    10 | D        | Reached skill level 1 in Armour
    10 | D        | Reached XP level 15. HP: 12/148 MP: 14/14
    10 | D        | Annihilated by a meat berserker

Skill      XL: |  1  2  3  4  5  6  7  8  9 10 11 12 13 14 |
---------------+-------------------------------------------+-----
Fighting       | 11 13 15 17 | 17.7
Axes           | 16 19 21 24 | 24.0
Throwing       | 9 10 12 13 | 13.2
Dodging        | 16 18 21 23 | 23.0
Armour         | 1 |  1.6

Action                   |  1- 3 |  4- 6 |  7- 9 | 10-12 | 13-15 || total
-------------------------+-------+-------+-------+-------+-------++-------
Melee: Executioner's axe |     1 |       |       |       |     1 ||     2
